 Dungeon Crawl Stone Soup version 0.31-a0-426-g3a05650e59 (webtiles) character file.

Game seed: 10754928844063338658

14 shadowstone the Stinger (level 2, 0/17 HPs)
             Began as an Octopode Venom Mage on July 30, 2023.
             Slain by a kobold
             ... wielding a +2 dagger of freezing
              (1 damage)
             ... on level 1 of the Dungeon.
             The game lasted 00:01:30 (916 turns).

shadowstone the Stinger (Octopode Venom Mage)        Turns: 916, Time: 00:01:31

Health: 0/17       AC:  1    Str:  7    XL:     2   Next: 41%
Magic:  5/5        EV: 13    Int: 17    God:
Gold:   6          SH:  0    Dex: 12    Spells: 4/5 levels left

rFire   . . .        (no weapon)
rCold   . . .        (no shield)
rNeg    . . .        (helmet restricted)
rPois   .            (no amulet)
rElec   .            (no ring)
rCorr   .            (no ring)
SInv    .            (no ring)
Will    .....        (no ring)
Stlth   +++          (no ring)
HPRegen 0.22/turn    (no ring)
MPRegen 0.09/turn    (no ring)
                     (no ring)

%: no passive effects
@: no status effects
A: almost no armour, amphibious, 8 rings, camouflage 1, gelatinous body 1,
(nimble swimmer 1), tentacles
a: no special abilities


You were on level 1 of the Dungeon.
You visited 1 branch of the dungeon, and saw 1 of its levels.

You collected 6 gold pieces.

Inventory:

Scrolls
 c - a scroll of revelation {unknown}
Potions
 a - a potion of magic
 b - a potion of lignification {unknown}


   Skills:
 + Level 2.0 Dodging
 + Level 2.8 Stealth
 * Level 2.2 Spellcasting
 + Level 1.2 Transmutations
 + Level 4.0 Poison Magic


You had 4 spell levels left.
You knew the following spells:

 Your Spells              Type           Power      Damage    Failure   Level
a - Sting                 Tmut/Pois      40%        1d5       6%          1

Your spell library contained the following spells:

 Spells                   Type           Power      Damage    Failure   Level
 Poisonous Vapours        Pois/Air       16%        N/A       12%         2
 Mephitic Cloud           Conj/Pois/Air  6%         N/A       32%         3
 Olgreb's Toxic Radiance  Pois           15%        N/A       34%         4


Dungeon Overview and Level Annotations

Branches:
Dungeon (1/15)

Altars:


Innate Abilities, Weirdness & Mutations

You cannot wear most types of armour.
You are amphibious.
You can wear up to eight rings at the same time.
Your skin changes colour to match your surroundings (Stealth+).
Your rubbery body absorbs attacks. (AC +1, EV +1)
((You are camouflaged when in or above water. (Stealth+)))
You have tentacles for arms and can constrict up to eight enemies at once.


Message History

A goblin comes into view. It is wielding a +0 dagger.
A ball python comes into view.
The ball python hisses angrily.
The goblin shouts!
You hear a shout!
A kobold comes into view. It is wielding a +2 dagger of freezing.
The ball python barely misses you. The ball python closely misses you.
The ball python attacks as you move away!
The ball python bites you but does no damage.
The ball python closely misses you. The goblin attacks as you move away!
The goblin hits you with a +0 dagger. The ball python completely misses you.
The ball python misses you. The goblin closely misses you.
You closely miss the goblin. You grab the goblin. You constrict the goblin.
The ball python bites you. The ball python misses you.
The kobold closely misses you. The ball python closely misses you.
The ball python grabs you. The ball python constricts you.
The goblin hits you with a +0 dagger.
You tentacle-slap the goblin.
The goblin is heavily wounded.
You constrict the goblin.
The ball python bites you but does no damage.
The ball python constricts you. The goblin hits you but does no damage.
The kobold barely misses you.
You tentacle-slap the goblin but do no damage.
The goblin is severely wounded.
You constrict the goblin.
You kill the goblin!
The ball python bites you. The ball python constricts you.
The kobold hits you with a +2 dagger of freezing.
* * * LOW HITPOINT WARNING * * *
The kobold freezes you.
* * * LOW HITPOINT WARNING * * *
You escape the ball python's grasp.
The ball python bites you but does no damage.
The ball python barely misses you. The kobold barely misses you.
You see here a +0 dagger.
You closely miss the ball python. You grab the ball python.
You constrict the ball python. The ball python misses you.
The ball python barely misses you.
The kobold hits you with a +2 dagger of freezing.
You die...

##.... #.# ####...
###
......####'###.....
..................
..................
!.................
..................
#
..?.?.............
+
........S.........
#
........@.##.#....
........K"# .#...g
..........# #
..........#
..........#
..........#
##########


You could see a ball python and a kobold.

Vanquished Creatures
  An endoplasm (D:1)
  3 giant cockroaches (D:1)
  2 goblins (D:1)
  A quokka (D:1)
  A bat (D:1)
  2 frilled lizards (D:1)
  3 rats (D:1)
13 creatures vanquished.

Notes
Turn   | Place    | Note
-------+----------+-------------------------------------------
     0 | D:1      | shadowstone the Octopode Venom Mage began the quest for the
                  | Orb.
     0 | D:1      | Reached XP level 1. HP: 11/11 MP: 3/3
   120 | D:1      | Reached skill level 4 in Poison Magic
   120 | D:1      | Reached XP level 2. HP: 17/17 MP: 3/5
   916 | D:1      | Slain by a kobold

Illustrated notes

Levels and vault maps discovered:
D:1:      matt_arrival_los_fun, layout_basic

Skill      XL: |  1 |
---------------+----+-----
Poison Magic   | 4 |  4.0
Dodging        | |  2.0
Stealth        | |  2.8
Spellcasting   | |  2.2
Transmutations | |  1.2

Action                     || total
---------------------------++-------
  Melee: Unarmed           ||    18
         Tentacles         ||     3
         Constrict         ||     4
         Punch             ||     1
   Cast: Sting             ||    10
   Stab: Sleeping          ||     3
 Armour: Skin              ||     4
  Dodge: Dodged            ||    29

Table legend: (Time is in decaauts)
 A = Elapsed time spent in this place.
 B = Non-inter-level travel time spent in this place.
 C = Inter-level travel time spent in this place.
 D = Time resting spent in this place.
 E = Time spent auto-exploring this place.
 F = Levels seen in this place.
 G = Mean time per level.
                   A        B        C        D        E       F      G
               +--------+--------+--------+--------+--------+-----+--------+
         Total |    916 |    916 |      0 |    606 |     88 |   1 |  916.0 |
       Dungeon |    916 |    916 |      0 |    606 |     88 |   1 |  916.0 |
               +--------+--------+--------+--------+--------+-----+--------+

Top non-repeatable levels by time:
     D:1: 916 daAuts
